 Dungeon Crawl Stone Soup version 0.20.0-10-g0535bb4 (webtiles) character file.

599 grindst0ne the Covered (level 7, -7/44 HPs)
             Began as a Gargoyle Fighter on June 3, 2017.
             Was a Follower of Trog.
             Mangled by an ogre
             ... wielding a cursed -3 giant club
              (14 damage)
             ... on level 4 of the Dungeon.
             The game lasted 00:07:28 (5320 turns).

grindst0ne the Covered (Gargoyle Fighter)           Turns: 5320, Time: 00:07:29

Health: -7/44      AC: 12    Str: 20    XL:     7   Next: 41%
Magic:  8/8        EV:  7    Int:  8    God:    Trog [*.....]
Gold:   142        SH:  9    Dex: 11    Spells: 6/6 levels left

rFire    . . .     SeeInvis .   a - +0 flail
rCold    . . .     Gourm    .   c - +0 shield
rNeg     + . .     Faith    .   b - +0 scale mail
rPois    ∞         Spirit   .   (no helmet)
rElec    +         Reflect  .   (no cloak)
rCorr    .         Harm     .   (no gloves)
MR       .....                  (no boots)
Stlth    ..........             (no amulet)
Regen    0.2/turn               t - ring of poison resistance
MPRegen  0.2/turn               (no ring)

@: no status effects
A: negative energy resistance 1, electricity resistance, unbreathing,
petrification resistance, rot immunity, AC +4
a: Berserk, Burn Spellbooks, Renounce Religion


You were on level 4 of the Dungeon.
You worshipped Trog.
Trog was aware of your devotion.
You were not hungry.

You visited 1 branch of the dungeon, and saw 4 of its levels.

You collected 142 gold pieces.

Inventory:

Hand Weapons
 a - a +0 flail (weapon)
Armour
 b - a +0 scale mail (worn)
 c - a +0 shield (worn)
Jewellery
 t - a ring of poison resistance (left hand)
 y - an uncursed amulet of harm {unknown}
Wands
 s - a wand of digging (11/24)
 u - a wand of flame (0/48)
Scrolls
 g - 8 scrolls of identify {unknown}
 h - 3 scrolls of teleportation {unknown}
 i - a scroll of remove curse {unknown}
 j - a scroll of magic mapping {unknown}
 m - a scroll of recharging {unknown}
 o - a scroll of amnesia {unknown}
 x - a scroll of blinking {unknown}
 z - a scroll of immolation {unknown}
Potions
 d - a potion of cancellation {unknown}
 e - a potion of heal wounds
 k - a potion of lignification {unknown}
 l - a potion of magic {unknown}
 p - a potion of berserk rage {unknown}
 q - a potion of curing {unknown}
 w - a potion of flight {unknown}
Comestibles
 f - 5 bread rations
 n - 3 meat rations
 r - 2 fruits


   Skills:
 - Level 5.2 Fighting
 - Level 2.0 Maces & Flails
 - Level 7.3 Armour
 - Level 3.2 Shields
 + Level 2.5 Evocations


You had 6 spell levels left.
You didn't know any spells.

Dungeon Overview and Level Annotations

Branches:
Dungeon (4/15)
 Temple: D:4-7

Altars:
Fedhas
Qazlal
Trog
Vehumet
Xom
Zin


Innate Abilities, Weirdness & Mutations

You are resistant to torment.
Your stone body is resilient. (AC +4)
You are immune to poison.
You resist negative energy. (rN+)
You are resistant to electric shocks. (rElec)
You can survive without breathing.
You are immune to petrification.
You are immune to rotting.


Message History

The ogre is lightly wounded.
You block the worker ant's attack. The ogre hits you with a giant club!
You closely miss the ogre.
The ogre is lightly wounded.
The worker ant bites you but does no damage.
The ogre hits you with a giant club! You block the worker ant's attack.
Your shield and scale mail prevent you from hitting the ogre.
The ogre is lightly wounded.
The worker ant bites you. The ogre hits you with a giant club!
The worker ant barely misses you.
You sock the ogre!
The ogre is heavily wounded.
The ogre hits you with a giant club!
* * * LOW HITPOINT WARNING * * *
The worker ant bites you but does no damage.
You hit the ogre.
The ogre is almost dead.
The worker ant bites you but does no damage.
The ogre hits you with a giant club!
You die...

##### #.##.#
....#
######.##.#
....#
...........#
....#
########.#.#
....#
#####...#
....#
#.......#
....#
#.......#
....#
#.......#
....#
#..@...>#
....#
#..Oa.###
...##
+.....# ##.#
#.....#
......#
##.#+### #.
#.


You could see an ogre and a worker ant.

Vanquished Creatures
  An ogre (D:4)
  Blork the orc (D:4)
  A hound (D:4)
  2 bullfrog skeletons (D:4)
  An orc wizard (D:3)
  Jessica (D:3)
  Natasha (thrice) (D:3)
  2 worker ants (D:4)
  4 gnolls (D:2)
  4 adders (D:2)
  An ooze (D:1)
  An adder skeleton (D:4)
  5 worms
  3 dart slugs
  A leopard gecko (D:2)
  4 orcs (D:3)
  4 ball pythons
  13 bats
  7 giant cockroaches
  5 hobgoblins
  3 jackals (D:1)
  14 kobolds
  2 quokkas
  4 frilled lizards
  8 goblins
  9 rats
104 creatures vanquished.

Notes
Turn   | Place    | Note
-------+----------+-------------------------------------------
     0 | D:1      | grindst0ne the Gargoyle Fighter began the quest for the Orb.
     0 | D:1      | Reached XP level 1. HP: 14/14 MP: 1/1
    30 | D:1      | Reached XP level 2. HP: 2/20 MP: 2/2
   844 | D:1      | Reached XP level 3. HP: 14/24 MP: 3/3
  1533 | D:1      | Reached skill level 5 in Fighting
  1854 | D:2      | Reached XP level 4. HP: 17/31 MP: 4/4
  2262 | D:2      | Reached skill level 4 in Armour
  2492 | D:2      | Reached XP level 5. HP: 31/35 MP: 5/5
  2509 | D:2      | Reached skill level 5 in Armour
  2632 | D:2      | Found a stormy altar of Qazlal.
  2632 | D:2      | Found a bloodstained altar of Trog.
  2823 | D:3      | Noticed Jessica
  2832 | D:3      | Killed Jessica
  3073 | D:2      | Became a worshipper of Trog the Wrathful
  3113 | D:3      | Noticed Natasha
  3125 | D:3      | Killed Natasha
  3163 | D:3      | Found a radiant altar of Vehumet.
  3178 | D:3      | Noticed Natasha
  3191 | D:3      | Killed Natasha
  3191 | D:3      | Reached XP level 6. HP: 15/40 MP: 6/6
  3556 | D:3      | Noticed Natasha
  3573 | D:3      | Killed Natasha
  3573 | D:3      | Reached skill level 6 in Armour
  4176 | D:3      | Found a blossoming altar of Fedhas.
  4489 | D:3      | Reached * piety under Trog
  4751 | D:4      | Reached skill level 7 in Armour
  4804 | D:4      | Reached XP level 7. HP: 40/44 MP: 7/7
  4971 | D:4      | Found a shimmering altar of Xom.
  4974 | D:4      | Noticed an angel
  4978 | D:4      | Found a glowing silver altar of Zin.
  4989 | D:4      | Reached skill level 1 in Evocations
  5160 | D:4      | Noticed Blork the orc
  5183 | D:4      | Killed Blork the orc
  5320 | D:4      | Mangled by an ogre

Skill      XL: |  1  2  3  4  5  6  7 |
---------------+----------------------+-----
Fighting       | 4 5 |  5.2
Armour         | 4 5 7 |  7.3
Evocations     | 2 |  2.5
Maces & Flails | |  2.0
Shields        | |  3.2

Action                   |  1- 3 |  4- 6 |  7- 9 || total
-------------------------+-------+-------+-------++-------
Melee: Flail             |   187 |   258 |    52 ||   497
  Use: Potion            |       |     3 |       ||     3
  Eat: Chunk             |     3 |    10 |     2 ||    15
Armor: Scale mail        |   120 |   148 |    34 ||   302
Dodge: Dodged            |    71 |    86 |    12 ||   169
Block: Shield            |   141 |   135 |    25 ||   301
